[Event ""]
[Site "FICS"]
[Date "2025-04-22"]
[Round "7"]
[White "Oakwell"]
[Black "kurumim"]
[Result "1/2-1/2"]
[WhiteElo "2079"]
[BlackElo "2299"]
[TimeControl "2700+45"]
[Time "10:17:03"]
[PlyCount "42"]

1. e4 Nf6
2. e5 Nd5
3. d4 d6
4. Nf3 dxe5
5. Nxe5 g6
6. c4 Nb6
7. Nc3 Bg7
8. Be3 c5
9. dxc5 Qxd1+
10. Nxd1 Bxe5
11. cxb6 axb6
12. Bxb6 Nc6
13. Be2 Be6
14. O-O O-O
15. Nc3 Bxc3
16. bxc3 Ne5
17. Rfd1 Nxc4
18. Bxc4 Bxc4
19. Rd7 Rxa2
20. Rxa2 Bxa2
21. Rxe7 1/2-1/2